[Event "42nd Olympiad Baku 2016 Women"]
[Site "Baku"]
[Date "2016.09.08"]
[Round "6.9"]
[White "Brunello, Marina"]
[Black "Sahl, Sheila Barth"]
[Result "1/2-1/2"]
[ECO "B38"]
[WhiteElo "2376"]
[BlackElo "2181"]
[Annotator ""]
[PlyCount "172"]
[EventDate "2016.??.??"]
[EventType "team-tourn"]
[EventCountry "AZE"]
[SourceTitle "playchess.com"]
[Source "ChessBase"]
[WhiteTeam "Italy"]
[BlackTeam "Norway"]
[WhiteTeamCountry "ITA"]
[BlackTeamCountry "NOR"]
[TimeControl "40/5400+30:1800+30"]

1. e4 {(00:00} c5 {(00:00} 2. Nf3 {(00:00} Nc6 {
(00:00} 3. d4 {(00:12} cxd4 {(00:07} 4. Nxd4 {(
00:07} g6 {(00:40} 5. c4 {(03:03} Bg7 {(00:29} 6. Be3
{(00:22} Nf6 {(00:39} 7. Nc3 {(00:19} O-O {(00:
47} 8. Be2 {(01:09} d6 {(00:36} 9. O-O {(00:58} Nxd4 {
(00:50} 10. Bxd4 {(00:23} Bd7 {(00:14} 11. b4 {(
11:00} a5 {(09:59} 12. a3 {(09:46} Be6 {(12:39} 13. f3
{(05:31} Rc8 {(06:49} 14. Nd5 {(04:15} Bxd5 {(
17:58} 15. cxd5 {(03:35} Nd7 {(00:43} 16. Kh1 {(12:05}
Bxd4 {(03:28} 17. Qxd4 {(00:05} axb4 {(00:16} 18. axb4
{(00:29} Qb6 {(00:52} 19. Qd2 {(01:34} Rc7 {(03:
21} 20. f4 {(05:46} Rd8 {(02:03} 21. Rad1 {(08:15} Nf6
{(02:32} 22. Bf3 {(00:39} Rc4 {(03:45} 23. e5 {(
00:31} Ne8 {(00:38} 24. Rb1 {(05:50} Ng7 {(08:25} 25.
Rb3 {(06:19} Nf5 {(02:03} 26. Bg4 {(03:04} e6 {(
06:51} 27. dxe6 {(03:53} fxe6 {(00:16} 28. Bxf5 {(01:
25} gxf5 {(00:07} 29. Qe1 {(04:17} Rd7 {(02:30} 30.
Qh4 Rg7 {(04:54} 31. exd6 {(07:27} Qxd6 {(00:32} 32.
Rg3 {(00:54} Rxg3 {(05:38} 33. hxg3 {(00:27} Rc8 {
(04:58} 34. Qg5+ {(00:23} Kf7 {(00:01} 35. Qh5+ {
(00:13} Kg7 {(00:07} 36. Qg5+ {(00:18} Kf7 {(00:
02} 37. Qh6 {(00:29} Rh8 {(01:32} 38. Qh5+ {(01:04}
Kg7 {(00:43} 39. Rd1 {(00:22} Qe7 {(00:09} 40. g4 {
(00:00} Rf8 {(00:00} 41. g5 {(04:00} Kg8 {(03:
12} 42. Rd3 {(08:41} Rd8 {(08:19} 43. Rg3 {(01:33} Kh8
{(03:40} 44. Qh6 {(06:59} e5 {(05:52} 45. g6 {(
05:06} Rg8 {(04:04} 46. fxe5 {(00:33} Rg7 {(00:35} 47.
Ra3 {(08:06} Rxg6 {(01:04} 48. Ra8+ {(00:13} Rg8 {
(00:02} 49. Rxg8+ {(00:15} Kxg8 {(00:02} 50. Qf4 {
(00:22} Qe6 {(00:17} 51. Kg1 {(01:16} Kf7 {(01:
46} 52. Kh2 {(00:17} Kg6 {(00:21} 53. Qd4 {(00:41} Kf7
{(01:40} 54. Kg3 {(00:30} Qg6+ {(00:04} 55. Kf2 {
(00:24} Qc6 {(00:11} 56. Qd8 {(00:58} Qc2+ {(00:
20} 57. Kg1 {(00:24} Qc1+ {(00:15} 58. Kh2 {(00:06}
Qf4+ {(00:26} 59. Kg1 {(00:15} Qe3+ {(02:09} 60. Kh1 {
(00:08} Qe1+ {(00:07} 61. Kh2 {(00:12} Qxe5+ {(
00:03} 62. Kh3 {(00:20} Qe3+ {(01:38} 63. Kh2 {(02:05}
Qf4+ {(00:04} 64. Kh3 {(00:25} Qg4+ {(01:24} 65. Kh2 {
(00:04} Qxb4 {(00:21} 66. Qd7+ {(00:15} Kf6 {(
02:23} 67. Qxh7 {(00:11} Qd6+ {(00:48} 68. Kh3 {(00:09]
} b6 {(01:09} 69. Qh6+ {(00:49} Ke5 {(00:14} 70. Qe3+ {
(00:06} Kd5 {(00:19} 71. Qd3+ {(00:38} Ke6 {(00:
04} 72. Qb5 {(00:16} Kf6 {(00:45} 73. g4 {(01:32}
fxg4+ {(01:08} 74. Kxg4 {(00:14} Ke6 {(01:59} 75. Qb3+
{(00:33} Kd7 {(00:08} 76. Kf5 {(00:14} Kc6 {(00:
14} 77. Ke4 {(01:09} Qg6+ {(00:05} 78. Kf4 {(00:20}
Qd6+ {(01:38} 79. Ke4 {(00:18} b5 {(00:36} 80. Qg8 {
(00:44} Kc5 {(00:26} 81. Qg1+ {(00:47} Kc6 {(00:
09} 82. Qg8 {(00:25} Qb4+ {(00:53} 83. Kd3 {(00:23}
Qb1+ {(00:08} 84. Kd2 {(00:11} Qf5 {(00:56} 85. Kc3 {
(00:25} Qf3+ {(00:37} 86. Kb2 {(00:18} Qe2+ {(
00:57} 1/2-1/2

[Event "42nd Olympiad Baku 2016 Women"]
[Site "Baku"]
[Date "2016.09.08"]
[Round "6.8"]
[White "Carraro, Denise"]
[Black "Tuzi, Bruna"]
[Result "1/2-1/2"]
[ECO "B80"]
[WhiteElo "2120"]
[BlackElo "1807"]
[Annotator ""]
[PlyCount "62"]
[EventDate "2016.??.??"]
[EventType "team-tourn"]
[EventCountry "AZE"]
[SourceTitle "playchess.com"]
[Source "ChessBase"]
[WhiteTeam "Argentina"]
[BlackTeam "Albania"]
[WhiteTeamCountry "ARG"]
[BlackTeamCountry "ALB"]
[TimeControl "40/5400+30:1800+30"]

1. e4 {(00:00} c5 {(00:00} 2. Nf3 {(00:00} e6 {(
00:00} 3. d4 {(00:18} cxd4 {(00:00} 4. Nxd4 {(00:04}
d6 {(00:00} 5. Nc3 {(01:21} Nf6 {(00:05} 6. Be3 {
(01:04} Be7 {(00:11} 7. f3 {(02:01} O-O {(01:37]
} 8. Qd2 {(00:21} a6 {(02:07} 9. g4 {(00:12} e5 {
(00:48} 10. Nf5 {(03:18} Bxf5 {(12:04} 11. exf5 {
(05:05} d5 {(02:32} 12. g5 {(26:33} d4 {(01:32}
13. gxf6 {(00:05} Bxf6 {(00:20} 14. O-O-O {(00:31} dxe3
{(00:35} 15. Qxd8 {(01:30} Rxd8 {(00:25} 16. Nd5 {
(02:27} Bg5 {(00:44} 17. Be2 {(01:29} Nc6 {(06:
43} 18. c3 {(04:12} Nd4 {(07:21} 19. cxd4 {(20:10}
Rxd5 {(00:14} 20. Rhg1 {(03:02} Bf4 {(03:45} 21. dxe5 {
(04:07} Rd2 {(03:41} 22. Rxd2 {(08:35} exd2+ {(
00:07} 23. Kc2 {(00:01} Bxh2 {(09:55} 24. Rg4 {(00:17}
Bxe5 {(02:55} 25. Kxd2 {(00:03} Bf6 {(01:57} 26. Rb4 {
(05:13} b5 {(00:36} 27. f4 {(05:38} Rd8+ {(02:
43} 28. Ke3 {(00:04} Be7 {(00:28} 29. Rb3 {(02:13}
Bc5+ {(02:00} 30. Kf3 {(00:01} Rd2 {(01:25} 31. a4 {
(00:25} Bd4 {(10:21} 1/2-1/2

[Event "42nd Olympiad Baku 2016 Women"]
[Site "Baku"]
[Date "2016.09.08"]
[Round "6.8"]
[White "Castrillon Gomez, Melissa"]
[Black "Patino Garcia, Corals"]
[Result "1-0"]
[ECO "B46"]
[WhiteElo "2194"]
[BlackElo "1994"]
[Annotator ""]
[PlyCount "81"]
[EventDate "2016.??.??"]
[EventType "team-tourn"]
[EventCountry "AZE"]
[SourceTitle "playchess.com"]
[Source "ChessBase"]
[WhiteTeam "Colombia"]
[BlackTeam "Venezuela"]
[WhiteTeamCountry "COL"]
[BlackTeamCountry "VEN"]
[TimeControl "40/5400+30:1800+30"]

1. e4 {(00:00} c5 {(00:00} 2. Nf3 {(00:00} e6 {(
00:00} 3. d4 {(00:31} cxd4 {(00:04} 4. Nxd4 {(00:02}
Nc6 {(00:07} 5. Nc3 {(01:25} a6 {(01:43} 6. Nxc6 {
(11:05} bxc6 {(00:07} 7. e5 {(01:01} Qc7 {(06:
13} 8. Bf4 {(02:02} Rb8 {(08:04} 9. Bc4 {(18:06} Ne7 {
(05:09} 10. Qe2 {(17:09} Nd5 {(04:42} 11. Bd2 {(
06:29} Be7 {(13:11} 12. O-O {(01:40} O-O {(01:21} 13.
b3 {(02:01} d6 {(03:30} 14. exd6 {(13:27} Bxd6 {
(00:09} 15. h3 {(00:12} Be5 {(03:42} 16. Qf3 {(
00:18} Bb7 {(04:28} 17. Rae1 {(02:23} Rbd8 {(06:31}
18. Nxd5 {(00:26} cxd5 {(01:17} 19. Bd3 {(00:03} Bf6 {
(01:45} 20. Bf4 {(06:01} Qb6 {(07:09} 21. Qg3 {(
01:34} Rc8 {(03:06} 22. h4 {(00:34} Kh8 {(04:12} 23.
h5 {(00:22} d4 {(02:32} 24. h6 {(07:42} Rg8 {(
06:00} 25. Be5 {(00:49} Bxe5 {(02:15} 26. Qxe5 {(00:11]
} Qc5 {(00:54} 27. Qf4 {(04:46} gxh6 {(02:39} 28. Qf6+
{(00:01} Rg7 {(00:11} 29. Re5 {(00:29} Qf8 {(04:
52} 30. f3 {(00:31} Qd8 {(03:44} 31. Qxh6 {(00:26} Qg8
{(00:05} 32. Qf6 {(01:05} Qd8 {(01:37} 33. Qf4 {
(01:18} Qe7 {(00:31} 34. Rh5 {(01:26} Rcg8 {(01:
36} 35. Rf2 {(00:25} f6 {(02:52} 36. Qxd4 {(00:39} e5
{(00:26} 37. Qh4 {(00:18} Bxf3 {(00:57} 38. Rxh7+ {
(01:21} Rxh7 {(00:13} 39. Bxh7 {(00:34} Qxh7 {(
00:36} 40. Qxf6+ {(00:00} Qg7 {(00:00} 41. Rxf3 1-0

[Event "42nd Olympiad Baku 2016 Women"]
[Site "Baku"]
[Date "2016.09.08"]
[Round "6.5"]
[White "Caxita, Esperanca"]
[Black "Marzouk, Amira"]
[Result "1-0"]
[ECO "B72"]
[WhiteElo "1871"]
[BlackElo "1724"]
[Annotator ""]
[PlyCount "69"]
[EventDate "2016.??.??"]
[EventType "team-tourn"]
[EventCountry "AZE"]
[SourceTitle "playchess.com"]
[Source "ChessBase"]
[WhiteTeam "Angola"]
[BlackTeam "Tunisia"]
[WhiteTeamCountry "ANG"]
[BlackTeamCountry "TUN"]
[TimeControl "40/5400+30:1800+30"]

1. e4 {(00:00} c5 {(00:18} 2. Nf3 {(00:00} d6 {(
00:05} 3. d4 {(00:00} cxd4 {(00:07} 4. Nxd4 {(00:00}
Nf6 {(00:08} 5. Nc3 {(00:10} g6 {(00:06} 6. Be2 {
(01:14} Bg7 {(00:05} 7. Be3 {(00:11} O-O {(00:
22} 8. Qd2 {(00:28} Nc6 {(04:14} 9. O-O-O {(00:18} Ng4
{(05:10} 10. Bxg4 {(01:21} Bxg4 {(00:07} 11. f3 {
(00:19} Bd7 {(00:31} 12. h4 {(00:25} Ne5 {(02:
27} 13. Qe2 {(02:02} Qa5 {(05:08} 14. Nb3 {(04:42} Qc7
{(00:14} 15. Nd5 {(00:18} Qd8 {(03:24} 16. h5 {(
00:24} Bc6 {(05:22} 17. hxg6 {(01:29} hxg6 {(00:11}
18. Bh6 {(00:48} Nd7 {(05:23} 19. Qe3 {(02:56} Bxd5 {
(03:15} 20. Rxd5 {(01:00} Bf6 {(03:57} 21. Bxf8 {
(01:33} Qxf8 {(00:05} 22. f4 {(00:34} Nb6 {(00:
48} 23. Rd3 {(02:40} Nc4 {(01:25} 24. Qh3 {(00:50}
Bxb2+ {(01:45} 25. Kd1 {(00:59} Qg7 {(03:37} 26. c3 {
(03:03} Nb6 {(06:25} 27. Rg3 {(01:09} Na4 {(02:
40} 28. f5 {(10:07} Nxc3+ {(02:32} 29. Ke1 {(01:28}
Nxe4 {(01:54} 30. Re3 {(02:15} d5 {(04:17} 31. fxg6 {
(00:22} Qxg6 {(03:18} 32. Nd2 {(01:54} Kf8 {(11:
57} 33. Nxe4 {(01:02} dxe4 {(00:12} 34. Rg3 {(00:19}
Qc6 {(05:08} 35. Qh8+ {(00:59} 1-0

[Event "42nd Olympiad Baku 2016 Women"]
[Site "Baku"]
[Date "2016.09.08"]
[Round "6.6"]
[White "Chirivi C, Jenny Astrid"]
[Black "Montilla Reyes, Jorcerys"]
[Result "1-0"]
[ECO "D45"]
[WhiteElo "2209"]
[BlackElo "2194"]
[Annotator ""]
[PlyCount "57"]
[EventDate "2016.??.??"]
[EventType "team-tourn"]
[EventCountry "AZE"]
[SourceTitle "playchess.com"]
[Source "ChessBase"]
[WhiteTeam "Colombia"]
[BlackTeam "Venezuela"]
[WhiteTeamCountry "COL"]
[BlackTeamCountry "VEN"]
[TimeControl "40/5400+30:1800+30"]

1. d4 {(00:00} d5 {(00:00} 2. c4 {(00:00} c6 {(
00:00} 3. Nf3 {(00:00} Nf6 {(00:00} 4. Nc3 {(00:04} e6
{(00:00} 5. e3 {(00:11} Nbd7 {(00:00} 6. Qc2 {(
00:16} Bd6 {(00:24} 7. Be2 {(00:30} O-O {(00:34} 8.
O-O {(00:11} dxc4 {(02:34} 9. Bxc4 {(00:45} e5 {
(00:40} 10. h3 {(04:12} Qe7 {(00:38} 11. Rd1 {(
00:48} h6 {(03:08} 12. Nh4 {(02:33} Nb6 {(03:11} 13.
Ng6 {(07:09} Qc7 {(02:13} 14. dxe5 {(07:28} Bxe5 {
(00:59} 15. Nxf8 {(13:58} Nxc4 {(02:40} 16. Ne4 {
(02:33} Nxe4 {(09:46} 17. Qxe4 {(03:12} Nb6 {(
01:31} 18. f4 {(01:17} Bf6 {(02:52} 19. Qh7+ {(14:29}
Kxf8 {(00:06} 20. e4 {(00:19} Nc4 {(04:08} 21. e5 {
(01:27} Bh4 {(16:58} 22. b3 {(07:23} Qb6+ {(26:
58} 23. Kh2 {(01:34} Qf2 {(18:18} 24. Qh8+ {(05:14}
Ke7 {(00:04} 25. Qd8+ {(01:13} Ke6 {(00:05} 26. Qe8+ {
(02:22} Kf5 {(03:53} 27. Qxf7+ {(00:16} Ke4 {(
00:03} 28. Qxc4+ {(00:25} Kf5 {(00:02} 29. Qd3+ {(01:
16} 1-0

[Event "42nd Olympiad Baku 2016 Women"]
[Site "Baku"]
[Date "2016.09.08"]
[Round "6.14"]
[White "Ciuksyte, Dagne"]
[Black "Newrkla, Katharina"]
[Result "1/2-1/2"]
[ECO "B90"]
[WhiteElo "2323"]
[BlackElo "2214"]
[Annotator ""]
[PlyCount "87"]
[EventDate "2016.??.??"]
[EventType "team-tourn"]
[EventCountry "AZE"]
[SourceTitle "playchess.com"]
[Source "ChessBase"]
[WhiteTeam "England"]
[BlackTeam "Austria"]
[WhiteTeamCountry "ENG"]
[BlackTeamCountry "AUT"]
[TimeControl "40/5400+30:1800+30"]

1. e4 {(00:00} c5 {(00:00} 2. Nf3 {(00:00} d6 {(
00:00} 3. d4 {(00:00} cxd4 {(00:00} 4. Nxd4 {(00:00}
Nf6 {(00:00} 5. Nc3 {(00:00} a6 {(00:00} 6. a4 {
(01:06} e5 {(00:16} 7. Nf3 {(00:07} Be7 {(00:13]
} 8. Bc4 {(00:26} Be6 {(01:36} 9. Qe2 {(00:47} Qc7 {
(03:39} 10. Bb3 {(01:19} Nc6 {(01:43} 11. Bg5 {(
11:37} Rc8 {(03:36} 12. O-O {(02:00} O-O {(02:37} 13.
Rfd1 {(18:40} Na5 {(08:26} 14. Bxf6 {(05:06} Bxf6 {
(00:11} 15. Bd5 {(05:47} Be7 {(05:49} 16. Rac1 {
(12:36} Nc4 {(02:08} 17. Bxc4 {(00:53} Qxc4 {(
00:32} 18. Qe3 {(08:29} h6 {(08:20} 19. Rd3 {(03:06}
Qb4 {(13:28} 20. b3 {(01:30} Bd8 {(04:18} 21. Nd5 {
(06:32} Bxd5 {(02:38} 22. Rxd5 {(00:06} Bb6 {(
01:15} 23. Qe2 {(05:22} f5 {(12:23} 24. Nd2 {(00:15}
fxe4 {(06:20} 25. Nxe4 {(00:12} Rf4 {(00:54} 26. c4 {
(00:41} Rcf8 {(06:06} 27. Rf1 {(00:06} Qxb3 {(
01:55} 28. Rxd6 {(00:51} Bd4 {(00:29} 29. g3 {(00:46}
R4f7 {(03:31} 30. a5 {(00:27} Rc7 {(02:00} 31. Qg4 {
(03:21} Qxc4 {(02:43} 32. Kg2 {(02:32} Kh8 {(01:
50} 33. h4 {(02:29} Rcf7 {(00:53} 34. Qh5 {(01:02} Qa2
{(04:42} 35. Kh3 {(02:07} Qc4 {(02:12} 36. Kg2 {
(00:33} Qa2 {(00:32} 37. Kh3 {(00:04} Qc4 {(00:
43} 38. Kg2 {(00:28} Qc8 {(00:27} 39. g4 {(01:18} Qe8
{(00:16} 40. Rg6 {(00:00} Rf4 {(00:00} 41. f3 {(
17:31} Qb5 {(20:37} 42. Rxh6+ {(02:24} gxh6 {(00:07}
43. Qxh6+ {(00:04} Kg8 {(00:05} 44. Qg6+ {(00:12}
1/2-1/2

[Event "42nd Olympiad Baku 2016 Women"]
[Site "Baku"]
[Date "2016.09.08"]
[Round "6.25"]
[White "Cmilyte, Viktorija"]
[Black "Baciu, Diana"]
[Result "0-1"]
[ECO "D38"]
[WhiteElo "2536"]
[BlackElo "2279"]
[Annotator ""]
[PlyCount "106"]
[EventDate "2016.??.??"]
[EventType "team-tourn"]
[EventCountry "AZE"]
[SourceTitle "playchess.com"]
[Source "ChessBase"]
[WhiteTeam "Lithuania"]
[BlackTeam "Moldova"]
[WhiteTeamCountry "LTU"]
[BlackTeamCountry "MDA"]
[TimeControl "40/5400+30:1800+30"]

1. d4 {(00:00} d5 {(00:00} 2. c4 {(00:00} e6 {(
00:00} 3. Nf3 {(00:08} Nf6 {(00:01} 4. Nc3 {(00:07}
Bb4 {(00:21} 5. Bg5 {(00:22} h6 {(00:06} 6. Bxf6 {
(00:17} Qxf6 {(00:04} 7. Qb3 {(00:22} c5 {(08:
39} 8. cxd5 {(01:15} exd5 {(00:02} 9. a3 {(00:08}
Bxc3+ {(00:26} 10. Qxc3 {(00:07} b6 {(04:12} 11. e3 {
(01:31} O-O {(00:35} 12. Be2 {(00:50} Nc6 {(05:
43} 13. Rc1 {(09:25} c4 {(02:54} 14. Ne5 {(01:53} Re8
{(06:49} 15. f4 {(10:13} Bf5 {(01:29} 16. Bf3 {(
01:03} Qd6 {(01:50} 17. O-O {(02:22} b5 {(09:55} 18.
b3 {(04:11} Rac8 {(04:26} 19. bxc4 {(11:33} bxc4 {
(00:43} 20. Rfe1 {(02:22} Rb8 {(07:50} 21. Bh5 {
(31:33} Rb7 {(10:32} 22. Bd1 {(04:19} Reb8 {(02:
32} 23. Ba4 {(01:51} Nxe5 {(02:45} 24. dxe5 {(03:28}
Qg6 {(05:12} 25. Bc2 {(05:46} Rb2 {(01:13} 26. e4 {
(03:29} Bxe4 {(08:34} 27. Bxe4 {(00:51} dxe4 {(
00:06} 28. Rc2 {(00:56} Qb6+ {(01:41} 29. Kf1 {(01:12}
Rb1 {(02:42} 30. Rcc1 {(00:41} Rxc1 {(02:17} 31. Rxc1 {
(00:10} Rc8 {(00:57} 32. Re1 {(00:33} Qb3 {(01:
38} 33. Rc1 {(02:15} Qa2 {(01:36} 34. Ra1 {(00:41} Qb3
{(00:06} 35. Rc1 {(00:04} Qa2 {(00:43} 36. Ra1 {
(00:05} Qb3 {(00:24} 37. Rc1 {(00:04} Qb5 {(01:
38} 38. Rd1 {(01:54} a5 {(02:04} 39. Kf2 {(00:51} Qb3
{(02:02} 40. Rc1 {(00:00} a4 {(00:00} 41. Ke3 {(
04:05} f5 {(16:33} 42. exf6 {(02:49} gxf6 {(00:07} 43.
f5 {(03:50} Kf7 {(02:42} 44. g3 {(06:36} Rc5 {(
06:59} 45. g4 {(08:18} h5 {(05:39} 46. h3 {(04:59} Qb8
{(00:15} 47. Qe1 {(03:24} Rd5 {(01:35} 48. Rc3 {
(00:25} Qh2 {(02:16} 49. Rxc4 {(00:39} Rd3+ {(
00:51} 50. Kxe4 {(00:04} Qe5+ {(00:08} 51. Kxd3 {(00:
03} Qxe1 {(00:04} 52. gxh5 {(00:49} Qg3+ {(00:09} 53.
Kd2 {(01:04} Qxa3 {(00:29} 0-1

[Event "42nd Olympiad Baku 2016 Women"]
[Site "Baku"]
[Date "2016.09.08"]
[Round "6.30"]
[White "Collas, Silvia"]
[Black "Dengler, Dijana"]
[Result "1-0"]
[ECO "D15"]
[WhiteElo "2301"]
[BlackElo "2047"]
[Annotator ""]
[PlyCount "97"]
[EventDate "2016.??.??"]
[EventType "team-tourn"]
[EventCountry "AZE"]
[SourceTitle "playchess.com"]
[Source "ChessBase"]
[WhiteTeam "France"]
[BlackTeam "Bosnia  Herzegovina"]
[WhiteTeamCountry "FRA"]
[BlackTeamCountry "BIH"]
[TimeControl "40/5400+30:1800+30"]

1. d4 {(00:00} d5 {(00:00} 2. c4 {(00:00} c6 {(
00:00} 3. Nf3 {(00:18} Nf6 {(00:09} 4. Nc3 {(00:37} a6
{(00:29} 5. e3 {(00:59} g6 {(04:01} 6. Qb3 {(01:
53} Bg7 {(01:46} 7. Be2 {(00:47} O-O {(01:33} 8. O-O {
(02:02} e6 {(03:11} 9. Rd1 {(05:17} Nbd7 {(01:
39} 10. Bd2 {(00:52} Re8 {(01:36} 11. Be1 {(02:07} b6
{(10:55} 12. Rac1 {(16:05} Bb7 {(04:26} 13. a4 {
(01:23} Rb8 {(01:47} 14. cxd5 {(01:21} exd5 {(
06:38} 15. a5 {(03:15} c5 {(02:25} 16. axb6 {(00:56}
c4 {(02:15} 17. Qa2 {(01:31} Nxb6 {(03:38} 18. b3 {
(00:49} cxb3 {(07:35} 19. Qxb3 {(00:07} Qd6 {(
11:15} 20. Ne5 {(03:55} Nfd7 {(01:54} 21. Nxd7 {(00:08]
} Nxd7 {(00:10} 22. Qa2 {(02:35} h5 {(06:24} 23. Na4 {
(02:35} Bf8 {(07:34} 24. Nc5 {(03:48} Nxc5 {(03:
42} 25. Rxc5 {(00:09} Qf6 {(02:23} 26. Ra5 {(01:20}
Re6 {(09:11} 27. Bf3 {(03:04} Rb6 {(00:55} 28. Bxd5 {
(05:01} Bxd5 {(00:15} 29. Qxd5 {(00:06} Rb1 {(
01:41} 30. Ra1 {(00:19} R1b5 {(01:40} 31. Qe4 {(01:45}
h4 {(00:27} 32. h3 {(00:14} Rf5 {(02:04} 33. Qd3 {
(06:59} Rb6 {(00:35} 34. Ra2 {(00:56} Rg5 {(00:
38} 35. e4 {(01:39} Qe6 {(00:58} 36. d5 {(03:32} Qd6 {
(00:56} 37. Bd2 {(00:40} Rh5 {(00:24} 38. f4 {(
00:48} Qb8 {(00:57} 39. e5 {(02:37} Bc5+ {(00:46} 40.
Kh1 {(00:00} g5 {(00:00} 41. Qe2 {(03:11} Rh7 {(
05:04} 42. fxg5 {(00:46} Rg7 {(01:38} 43. Ra4 {(09:34}
Qb7 {(08:50} 44. Rxh4 {(04:56} Rb2 {(04:20} 45. Qh5 {
(03:49} Kf8 {(04:19} 46. Qf3 {(03:36} Kg8 {(05:
13} 47. d6 {(04:11} Rb1 {(02:14} 48. Qxb7 {(01:58}
Rxb7 {(01:42} 49. Rc1 {(00:17} 1-0

[Event "42nd Olympiad Baku 2016 Women"]
[Site "Baku"]
[Date "2016.09.08"]
[Round "6.7"]
[White "Comas Colon, Rinelly M"]
[Black "Gonchar, Svitlana"]
[Result "1-0"]
[ECO "A14"]
[WhiteElo "1773"]
[BlackElo "1807"]
[Annotator ""]
[PlyCount "116"]
[EventDate "2016.??.??"]
[EventType "team-tourn"]
[EventCountry "AZE"]
[SourceTitle "playchess.com"]
[Source "ChessBase"]
[WhiteTeam "Puerto Rico"]
[BlackTeam "ICCD"]
[WhiteTeamCountry "PUR"]
[BlackTeamCountry "UKR"]
[TimeControl "40/5400+30:1800+30"]

1. c4 {(00:00} Nf6 {(00:00} 2. g3 {(00:00} e6 {(
00:00} 3. Bg2 {(01:51} d5 {(00:00} 4. Nf3 {(03:59} Be7
{(01:59} 5. O-O {(00:17} O-O {(00:04} 6. b3 {(
03:35} c5 {(14:29} 7. d3 {(08:31} Nc6 {(00:30} 8. Nc3
{(01:37} d4 {(03:19} 9. Nb5 {(00:47} a6 {(00:12]
} 10. Na3 {(00:06} Qc7 {(00:32} 11. Bd2 {(02:37} e5 {
(03:02} 12. Nc2 {(03:20} Bd7 {(24:48} 13. a3 {(
11:48} e4 {(05:38} 14. Bf4 {(02:55} Bd6 {(00:57} 15.
Bxd6 {(01:42} Qxd6 {(00:09} 16. Ng5 {(01:35} exd3 {
(03:25} 17. exd3 {(03:19} h6 {(05:08} 18. Ne4 {(
01:51} Nxe4 {(04:44} 19. Bxe4 {(00:06} Rae8 {(01:18}
20. Re1 {(08:31} b6 {(03:58} 21. f4 {(05:50} f5 {
(04:08} 22. Bg2 {(03:02} Rxe1+ {(07:49} 23. Qxe1 {
(00:06} Re8 {(00:07} 24. Qf2 {(00:10} Kf8 {(02:
38} 25. Re1 {(03:13} Rxe1+ {(01:39} 26. Qxe1 {(00:12}
Qe7 {(00:07} 27. Qd1 {(05:58} Qe8 {(05:10} 28. Kf1 {
(02:01} Ne7 {(00:32} 29. Qd2 {(09:05} Bc6 {(00:
17} 30. b4 {(01:12} Bxg2+ {(01:30} 31. Qxg2 {(01:22}
Qc6 {(00:15} 32. Qf2 {(01:57} Kf7 {(01:03} 33. Ke1 {
(04:06} Ng8 {(00:20} 34. Qe2 {(01:44} Qe6 {(01:
31} 35. Kf2 {(01:44} Nf6 {(00:36} 36. h3 {(00:37}
Qxe2+ {(02:43} 37. Kxe2 {(00:08} g5 {(00:04} 38. a4 {
(01:44} Ne8 {(01:59} 39. Kf3 {(04:04} Nc7 {(01:
07} 40. g4 {(00:00} Kf6 {(00:00} 41. gxf5 {(09:19}
Kxf5 {(00:38} 42. bxc5 {(02:52} bxc5 {(00:16} 43. fxg5
{(00:25} hxg5 {(00:05} 44. Na1 {(00:43} Ne6 {(
02:15} 45. Nb3 {(00:11} Ke5 {(00:09} 46. Kg4 {(02:45}
Kd6 {(02:21} 47. Nd2 {(03:23} Kc6 {(10:53} 48. Ne4 {
(02:01} Nf4 {(09:18} 49. Nf2 {(00:13} Kb6 {(00:
06} 50. Kxg5 {(00:16} Nxh3+ {(00:08} 51. Nxh3 {(00:44}
Ka5 {(00:03} 52. Nf4 {(04:30} Kxa4 {(00:04} 53. Kf5 {
(00:50} Kb4 {(00:11} 54. Nd5+ {(00:41} Kb3 {(00:
29} 55. Nc7 {(01:43} a5 {(01:42} 56. Na6 {(00:08} Kc2
{(00:49} 57. Nxc5 {(01:00} a4 {(07:26} 58. Nxa4 {
(00:18} Kxd3 {(00:05} 1-0

[Event "42nd Olympiad Baku 2016 Women"]
[Site "Baku"]
[Date "2016.09.08"]
[Round "6.11"]
[White "Cordero, Daniela"]
[Black "Markantonaki, Haritomeni"]
[Result "0-1"]
[ECO "D05"]
[WhiteElo "1954"]
[BlackElo "2188"]
[Annotator ""]
[PlyCount "118"]
[EventDate "2016.??.??"]
[EventType "team-tourn"]
[EventCountry "AZE"]
[SourceTitle "playchess.com"]
[Source "ChessBase"]
[WhiteTeam "Bolivia"]
[BlackTeam "Greece"]
[WhiteTeamCountry "BOL"]
[BlackTeamCountry "GRE"]
[TimeControl "40/5400+30:1800+30"]

1. d4 {(00:00} Nf6 {(00:00} 2. Nf3 {(00:00} e6 {
(00:00} 3. e3 {(00:00} d5 {(00:00} 4. Bd3 {(00:
00} c5 {(00:17} 5. b3 {(00:07} Nc6 {(00:12} 6. O-O {
(00:39} Bd6 {(00:29} 7. Bb2 {(00:25} O-O {(00:
11} 8. Nbd2 {(03:46} b6 {(00:28} 9. a3 {(01:55} Bb7 {
(00:32} 10. Qe2 {(00:49} Rc8 {(03:10} 11. Ne5 {(
04:12} Qc7 {(01:47} 12. f4 {(00:16} Ne7 {(00:16} 13.
c4 {(23:25} Ne4 {(13:25} 14. cxd5 {(09:47} exd5 {
(04:51} 15. Bxe4 {(02:45} dxe4 {(00:09} 16. Rac1 {
(00:06} Qd8 {(10:27} 17. dxc5 {(05:26} Rxc5 {(
04:31} 18. Rxc5 {(09:52} Bxc5 {(00:33} 19. b4 {(00:24}
Bd6 {(00:20} 20. Ndc4 {(00:43} Bb8 {(09:57} 21. Rd1 {
(05:30} Bd5 {(16:50} 22. b5 {(11:41} Qc8 {(02:
07} 23. Rc1 {(02:01} Qe6 {(00:45} 24. Qg4 {(11:54} Nf5
{(05:46} 25. Qe2 {(01:28} f6 {(05:10} 26. Ng4 {(
01:56} Rc8 {(01:35} 27. Nd2 {(00:03} Rxc1+ {(00:52}
28. Bxc1 {(00:01} Qc8 {(01:06} 29. Bb2 {(01:28} Ne7 {
(04:10} 30. Qd1 {(00:57} Qc5 {(03:18} 31. a4 {(
00:44} Nf5 {(04:59} 32. Qc1 {(00:06} Bd6 {(01:15} 33.
Nf2 {(02:33} Qxc1+ {(02:33} 34. Bxc1 {(00:01} Nxe3 {
(00:59} 35. Ndxe4 {(00:18} Bxf4 {(01:09} 36. g3 {
(00:25} Bh6 {(00:17} 37. Nc3 {(00:30} Bb3 {(00:
57} 38. Nfe4 {(00:33} Nd5 {(02:53} 39. Bxh6 {(00:36}
Nxc3 {(00:11} 40. Nxc3 {(00:00} gxh6 {(00:00} 41. Kf2 {
(00:52} Kf7 {(00:16} 42. Ke3 {(01:02} Ke6 {(01:
03} 43. Ke4 {(00:11} Bc2+ {(00:28} 44. Kd4 {(01:54} h5
{(02:25} 45. Kc4 {(08:31} Ke5 {(02:23} 46. Kb4 {
(02:30} h4 {(02:55} 47. a5 {(01:21} hxg3 {(00:
37} 48. hxg3 {(00:01} f5 {(04:39} 49. axb6 {(01:17}
axb6 {(00:02} 50. Kc4 {(00:10} h5 {(03:52} 51. Ne2 {
(01:35} Bd1 {(00:55} 52. Nc3 {(02:20} Bc2 {(04:
57} 53. Ne2 {(01:58} Ke4 {(00:57} 54. Nc3+ {(04:30}
Kf3 {(02:28} 55. Nd5 {(00:08} Kxg3 {(03:03} 56. Nxb6 {
(00:37} f4 {(03:57} 57. Nd5 {(00:14} f3 {(01:25]
} 58. b6 {(00:33} f2 {(00:52} 59. Ne3 {(00:17} Be4 {
(00:24} 0-1